3A
IDAHO FALLS CHUKARS @ BELLEVILLE BULLS
08/16/2027
 
TOP OF THE 1ST
Idaho Falls Chukars batting - Pitching for Belleville Bulls : RHP Héctor Aguilar
Pitching: RHP Héctor Aguilar
Batting: LHB Juan Rosado 0-0: Ball
1-0: Fly out, F7 (Flyball, 7S)
Batting: SHB Shiki Sanu 0-0: Called Strike
0-1: Foul Ball, location: 2F
0-2: Ball
1-2: Fly out, F7 (Flyball, 7)
Batting: RHB Scott Ramsey 0-0: Swinging Strike
0-1: Foul Ball, location: 2F
0-2: Foul Ball, location: 2F
0-2: Ball
1-2: Strikes out swinging
Top of the 1st over - 0 run(s), 0 hit(s), 0 error(s), 0 left on base; Idaho Falls 0 - Belleville 0
BOTTOM OF THE 1ST
Belleville Bulls batting - Pitching for Idaho Falls Chukars : LHP Dale Hamilton
Pitching: LHP Dale Hamilton
Batting: RHB Vicente Mena 0-0: Foul Ball, location: 2F
0-1: Ball
1-1: Swinging Strike
1-2: Foul Ball, location: 2F
1-2: Strikes out swinging
Batting: RHB Ron Bernard 0-0: Ball
1-0: Ground out 6-3 (Groundball, 6)
Batting: LHB Ken Stroud 0-0: Ball
1-0: Called Strike
1-1: Called Strike
1-2: Foul Ball, location: 2F
1-2: SOLO HOME RUN (Line Drive, 7D), Distance : 400 ft
Batting: RHB Mike Jennings 0-0: Ball
1-0: Ball
2-0: Ball
3-0: Base on Balls
Batting: LHB José Gómez 0-0: Foul Ball, location: 2F
0-1: Called Strike
0-2: Ball
1-2: Strikes out swinging
Bottom of the 1st over - 1 run(s), 1 hit(s), 0 error(s), 1 left on base; Idaho Falls 0 - Belleville 1
TOP OF THE 2ND
Idaho Falls Chukars batting - Pitching for Belleville Bulls : RHP Héctor Aguilar
Batting: SHB Félix Medina 0-0: Foul Ball, location: 2F
0-1: Foul Ball, location: 2F
0-2: Ball
1-2: Foul Ball, location: 2F
1-2: Ball
2-2: Ground out U3 (Groundball, 3)
Batting: LHB Jérôme Masson 0-0: Foul Ball, location: 2F
0-1: SINGLE (Groundball, 6MD)
Batting: RHB León Preciado 0-0: Ball
1-0: Called Strike
1-1: Swinging Strike
1-2: Foul Ball, location: 2F
1-2: Strikes out swinging
Batting: RHB Leon Carlisle Pickoff Throw to First - Error! E1
Jérôme Masson to second
0-0: Called Strike
0-1: Ball
1-1: Foul Ball, location: 2F
1-2: Ball
2-2: Ball
3-2: Strikes out swinging
Top of the 2nd over - 0 run(s), 1 hit(s), 1 error(s), 1 left on base; Idaho Falls 0 - Belleville 1
BOTTOM OF THE 2ND
Belleville Bulls batting - Pitching for Idaho Falls Chukars : LHP Dale Hamilton
Batting: RHB Alejandro Serrato 0-0: Foul Ball, location: 2F
0-1: Ball
1-1: Foul Ball, location: 2F
1-2: Strikes out swinging
Batting: RHB Lloyd Regis 0-0: Ball
1-0: Swinging Strike
1-1: Ball
2-1: Foul Ball, location: 2F
2-2: Strikes out swinging
Batting: RHB Leonardo Sotelo 0-0: Foul Ball, location: 2F
0-1: Foul Ball, location: 2F
0-2: Foul Ball, location: 2F
0-2: Ball
1-2: Ball
2-2: Ball
3-2: Foul Ball, location: 2F
3-2: Foul Ball, location: 2F
3-2: Strikes out swinging
Bottom of the 2nd over - 0 run(s), 0 hit(s), 0 error(s), 0 left on base; Idaho Falls 0 - Belleville 1
TOP OF THE 3RD
Idaho Falls Chukars batting - Pitching for Belleville Bulls : RHP Héctor Aguilar
Batting: RHB Shannon Stevens 0-0: Called Strike
0-1: Swinging Strike
0-2: Ball
1-2: Strikes out swinging
Batting: SHB Jesús Román 0-0: Called Strike
0-1: Ball
1-1: Swinging Strike
1-2: Strikes out swinging
Batting: LHB Juan Rosado 0-0: Called Strike
0-1: Ball
1-1: Foul Ball, location: 2F
1-2: Foul Ball, location: 2F
1-2: Foul Ball, location: 2F
1-2: Ground out 4-3 (Groundball, 4MS)
Top of the 3rd over - 0 run(s), 0 hit(s), 0 error(s), 0 left on base; Idaho Falls 0 - Belleville 1
BOTTOM OF THE 3RD
Belleville Bulls batting - Pitching for Idaho Falls Chukars : LHP Dale Hamilton
Batting: LHB Alan Shaw 0-0: Ball
1-0: Foul Ball, location: 2F
1-1: Called Strike
1-2: Ground out U3 (Groundball, 3)
Batting: RHB Vicente Mena 0-0: Ball
1-0: Swinging Strike
1-1: Foul Ball, location: 2F
1-2: Ball
2-2: Strikes out swinging
Batting: RHB Ron Bernard 0-0: Ball
1-0: Foul Ball, location: 2F
1-1: Fly out, F8 (Flyball, 8RM)
Bottom of the 3rd over - 0 run(s), 0 hit(s), 0 error(s), 0 left on base; Idaho Falls 0 - Belleville 1
TOP OF THE 4TH
Idaho Falls Chukars batting - Pitching for Belleville Bulls : RHP Héctor Aguilar
Batting: SHB Shiki Sanu 0-0: Swinging Strike
0-1: Called Strike
0-2: Ball
1-2: Ball
2-2: Foul Ball, location: 2F
2-2: Strikes out swinging
Batting: RHB Scott Ramsey 0-0: Ball
1-0: Foul Ball, location: 2F
1-1: Foul Ball, location: 2F
1-2: Foul Ball, location: 2F
1-2: Ball
2-2: Ball
3-2: Foul Ball, location: 2F
3-2: Strikes out swinging
Batting: SHB Félix Medina 0-0: Called Strike
0-1: Ball
1-1: Ball
2-1: Ball
3-1: Fly out, F8 (Line Drive, 89D)
Top of the 4th over - 0 run(s), 0 hit(s), 0 error(s), 0 left on base; Idaho Falls 0 - Belleville 1
BOTTOM OF THE 4TH
Belleville Bulls batting - Pitching for Idaho Falls Chukars : LHP Dale Hamilton
Batting: LHB Ken Stroud 0-0: Ball
1-0: Ground out 4-3 (Groundball, 4)
Batting: RHB Mike Jennings 0-0: Called Strike
0-1: DOUBLE (Line Drive, 7LM)
Batting: LHB José Gómez 0-0: Called Strike
0-1: Ball
1-1: Foul Ball, location: 2F
1-2: Ball
2-2: Fly out, F7 (Flyball, 7D)
Batting: RHB Alejandro Serrato 0-0: Ball
1-0: Called Strike
1-1: Fly out, F8 (Flyball, 8RD)
Bottom of the 4th over - 0 run(s), 1 hit(s), 0 error(s), 1 left on base; Idaho Falls 0 - Belleville 1
TOP OF THE 5TH
Idaho Falls Chukars batting - Pitching for Belleville Bulls : RHP Héctor Aguilar
Batting: LHB Jérôme Masson 0-0: Ground out 6-3 (Groundball, 6)
Batting: RHB León Preciado 0-0: Fly out, F8 (Flyball, 89M)
Batting: RHB Leon Carlisle 0-0: Ball
1-0: Called Strike
1-1: Swinging Strike
1-2: Ball
2-2: Ground out 5-3 (Groundball, 5S)
Top of the 5th over - 0 run(s), 0 hit(s), 0 error(s), 0 left on base; Idaho Falls 0 - Belleville 1
BOTTOM OF THE 5TH
Belleville Bulls batting - Pitching for Idaho Falls Chukars : LHP Dale Hamilton
Batting: RHB Lloyd Regis 0-0: Called Strike
0-1: Ground out 4-3 (Groundball, 4)
Batting: RHB Leonardo Sotelo 0-0: Ball
1-0: Ball
2-0: Ball
3-0: Called Strike
3-1: Fly out, F9 (Line Drive, 9)
Batting: LHB Alan Shaw 0-0: Ball
1-0: Called Strike
1-1: Swinging Strike
1-2: Strikes out looking
Bottom of the 5th over - 0 run(s), 0 hit(s), 0 error(s), 0 left on base; Idaho Falls 0 - Belleville 1
TOP OF THE 6TH
Idaho Falls Chukars batting - Pitching for Belleville Bulls : RHP Héctor Aguilar
Batting: RHB Shannon Stevens 0-0: Called Strike
0-1: Called Strike
0-2: Ball
1-2: Strikes out swinging
Batting: SHB Jesús Román 0-0: Ball
1-0: Foul Ball, location: 2F
1-1: Foul Ball, location: 2F
1-2: Ball
2-2: Fly out, F8 (Flyball, 8LS)
Batting: LHB Juan Rosado 0-0: Ball
1-0: Ball
2-0: Ball
3-0: Base on Balls
Batting: SHB Shiki Sanu 0-0: Ball
Juan Rosado is caught stealing 2nd base
Top of the 6th over - 0 run(s), 0 hit(s), 0 error(s), 0 left on base; Idaho Falls 0 - Belleville 1
BOTTOM OF THE 6TH
Belleville Bulls batting - Pitching for Idaho Falls Chukars : LHP Dale Hamilton
Batting: RHB Vicente Mena 0-0: Ground out 5-3 (Groundball, 56S)
Batting: RHB Ron Bernard 0-0: Ball
1-0: Swinging Strike
1-1: Swinging Strike
1-2: Strikes out swinging
Batting: LHB Ken Stroud 0-0: Swinging Strike
0-1: Foul Ball, location: 2F
0-2: Foul Ball, location: 2F
0-2: Foul Ball, location: 2F
0-2: Ball
1-2: Strikes out looking
Bottom of the 6th over - 0 run(s), 0 hit(s), 0 error(s), 0 left on base; Idaho Falls 0 - Belleville 1
TOP OF THE 7TH
Idaho Falls Chukars batting - Pitching for Belleville Bulls : RHP Héctor Aguilar
Batting: SHB Shiki Sanu 0-0: Ball
1-0: Ball
2-0: Called Strike
2-1: Ball
3-1: SINGLE (Line Drive, 8RS)
Batting: RHB Scott Ramsey 0-0: Ball
1-0: Swinging Strike
1-1: Foul Ball, location: 2F
1-2: Ball
2-2: Fly out, F7 (Flyball, 7LM)
Batting: SHB Félix Medina 0-0: Called Strike
0-1: Called Strike
0-2: Ball
1-2: Ball
Wild Pitch!
Shiki Sanu to second
2-2: Strikes out swinging
Batting: LHB Jérôme Masson 0-0: Foul Ball, location: 2F
0-1: Foul Ball, location: 2F
0-2: Ball
1-2: Ball
2-2: Ball
3-2: Base on Balls
Pitching: RHP Errol Lange
Pinch Hitting: LHB Víctor Puente 0-0: Ball
1-0: Swinging Strike
1-1: Swinging Strike
1-2: Ball
2-2: Strikes out looking
Top of the 7th over - 0 run(s), 1 hit(s), 0 error(s), 2 left on base; Idaho Falls 0 - Belleville 1
BOTTOM OF THE 7TH
Belleville Bulls batting - Pitching for Idaho Falls Chukars : LHP Dale Hamilton
Now in LF: Víctor Puente
Batting: RHB Mike Jennings 0-0: Foul Ball, location: 2F
0-1: Foul Ball, location: 2F
0-2: Ball
1-2: Foul Ball, location: 2F
1-2: Ball
2-2: SOLO HOME RUN (Flyball, 7D), Distance : 413 ft
Pitching: LHP Vicente Romero
Batting: LHB José Gómez 0-0: Ball
1-0: Hit by Pitch
Batting: RHB Alejandro Serrato 0-0: Ball
1-0: Sac Bunt - play at second, runner safe!
Pinch Hitting: RHB Manuel Rosales 0-0: Called Strike
0-1: Swinging Strike
0-2: Ball
Passed Ball!
José Gómez to third
Alejandro Serrato to second
1-2: Ball
2-2: Fly out, F5 (Popup, 5S)
Batting: RHB Leonardo Sotelo 0-0: Intentional Walk
Batting: LHB Alan Shaw 0-0: Fly out, F9 (Flyball, 89S)
Batting: RHB Vicente Mena 0-0: Called Strike
0-1: Called Strike
0-2: Foul Ball, location: 2F
0-2: Ball
1-2: Strikes out swinging
Bottom of the 7th over - 1 run(s), 1 hit(s), 0 error(s), 3 left on base; Idaho Falls 0 - Belleville 2
TOP OF THE 8TH
Idaho Falls Chukars batting - Pitching for Belleville Bulls : RHP Errol Lange
Now at 2B: Ramón Padrón
Batting: RHB Leon Carlisle 0-0: Called Strike
0-1: Foul Ball, location: 2F
0-2: Ball
1-2: Strikes out swinging
Batting: RHB Shannon Stevens 0-0: Ball
1-0: Foul Ball, location: 2F
1-1: Swinging Strike
1-2: Ball
2-2: Foul Ball, location: 2F
2-2: Foul Ball, location: 2F
2-2: Strikes out swinging
Batting: SHB Jesús Román 0-0: Ground out 1-3 (Groundball, 13S)
Top of the 8th over - 0 run(s), 0 hit(s), 0 error(s), 0 left on base; Idaho Falls 0 - Belleville 2
BOTTOM OF THE 8TH
Belleville Bulls batting - Pitching for Idaho Falls Chukars : LHP Vicente Romero
Batting: RHB Ron Bernard 0-0: Called Strike
0-1: Ball
1-1: Called Strike
1-2: Ball
2-2: Strikes out swinging
Batting: LHB Ken Stroud 0-0: Called Strike
0-1: Foul Ball, location: 2F
0-2: Ball
1-2: Ball
2-2: Foul Ball, location: 2F
2-2: Foul Ball, location: 2F
2-2: Fly out, F8 (Flyball, 8RM)
Batting: RHB Mike Jennings 0-0: Foul Ball, location: 2F
0-1: Ball
1-1: Ball
2-1: Foul Ball, location: 2F
2-2: Ball
3-2: Foul Ball, location: 2F
3-2: Foul Ball, location: 2F
3-2: Foul Ball, location: 2F
3-2: Strikes out swinging
Bottom of the 8th over - 0 run(s), 0 hit(s), 0 error(s), 0 left on base; Idaho Falls 0 - Belleville 2
TOP OF THE 9TH
Idaho Falls Chukars batting - Pitching for Belleville Bulls : RHP Errol Lange
Pitching: RHP Shackleford Stanwick
Batting: LHB Juan Rosado 0-0: Fly out, F8 (Flyball, 8RM)
Batting: SHB Shiki Sanu 0-0: Ball
1-0: Ball
2-0: Ball
3-0: Called Strike
3-1: Base on Balls
Batting: RHB Scott Ramsey 0-0: Called Strike
0-1: Ball
1-1: Foul Ball, location: 2F
1-2: Strikes out swinging
Batting: SHB Félix Medina 0-0: Ball
1-0: Swinging Strike
1-1: Swinging Strike
1-2: Strikes out swinging
Top of the 9th over - 0 run(s), 0 hit(s), 0 error(s), 1 left on base; Idaho Falls 0 - Belleville 2
Saturday, May 26th, 2018 - OOTP Baseball 17.12 Build 75